 Dungeon Crawl Stone Soup version 0.30-a0-778-g2ef04afb54 (webtiles) character file.

Game seed: 942045970101440203

14685 sircluck the Bludgeoner (level 11, -6/100 HPs)
             Began as a Minotaur Fighter on Feb 15, 2023.
             Mangled by a manticore (15 damage)
             ... on level 12 of the Dungeon.
             The game lasted 00:20:20 (12008 turns).

sircluck the Bludgeoner (Minotaur Fighter)         Turns: 12008, Time: 00:20:20

Health: -6/100     AC: 18    Str: 32    XL:     11   Next: 92%
Magic:  10/10      EV:  9    Int:  5    God:
Gold:   1700       SH:  0    Dex: 15    Spells: 10/10 levels left

rFire   + + .      SeeInvis .    o - +7 great mace "Firestarter" {flame, inner flame, rFlCloud rF++}
rCold   + . .      Faith    .    (shield currently unavailable)
rNeg    . . .      Spirit   .    e - +1 plate armour {rC+}
rPois   .          Reflect  .    (helmet restricted)
rElec   .          Harm     .    (no cloak)
rCorr   .          Rampage  .    (no gloves)
Will    .....                    E - +0 pair of boots Stlth
                                 (no amulet)
HPRegen 0.36/turn                k - +6 ring of strength
MPRegen 0.12/turn                L - +6 ring of dexterity

@: about to teleport, spiked
A: horns 2, retaliatory headbutt
a: no special abilities


You were on level 12 of the Dungeon.
You visited 1 branch of the dungeon, and saw 12 of its levels.

You collected 2638 gold pieces.
You spent 938 gold pieces at shops.

Inventory:

Hand Weapons
 a - a +0 war axe
 o - the +7 great mace "Firestarter" (weapon) {flame, inner flame, rFlCloud rF++}
   (You found it on level 2 of the Dungeon)

   rFlCloud:  It grants immunity to clouds of flame.
   rF:        It greatly protects you from fire.
 B - a +3 heavy war axe
 I - a +1 short sword of speed
Missiles
 l - a throwing net
 C - 105 stones (quivered)
 D - 6 javelins
 G - 33 poisoned darts
 J - 2 atropa-tipped darts
Armour
 b - a +0 scale mail
 c - a +0 buckler
 e - a +1 plate armour of cold resistance (worn)
 h - a +0 pair of boots
 E - a +0 pair of boots (worn)
 H - a +0 kite shield
 Q - a +1 ring mail of fire resistance
 X - the +3 robe of Pescheow {-Cast Str+4 Slay+2}
   (You found it on level 11 of the Dungeon)

   Str:       It affects your strength (+4).
   Slay:      It affects your accuracy & damage with ranged weapons and melee
   (+2).
   -Cast:     It prevents spellcasting.
Jewellery
 k - a +6 ring of strength (left hand)
 n - a +6 ring of intelligence
 u - a ring of magical power
 x - a ring of ice
 K - a ring of magical power
 L - a +6 ring of dexterity (right hand)
 W - a ring of protection from cold
Wands
 j - a wand of roots (7)
 P - a wand of flame (67)
 T - a wand of digging (4)
 V - a wand of charming (9)
Scrolls
 g - 6 scrolls of poison
 i - 10 scrolls of identify
 m - 5 scrolls of enchant armour
 q - 6 scrolls of teleportation
 t - 2 scrolls of immolation {unknown}
 v - 2 scrolls of torment
 y - 3 scrolls of amnesia
 F - a scroll of fear {unknown}
 O - a scroll of enchant weapon
Potions
 d - 2 potions of might
 p - a potion of attraction {unknown}
 r - 3 potions of degeneration {unknown}
 s - 4 potions of haste {unknown}
 w - a potion of cancellation {unknown}
 z - a potion of flight {unknown}
 A - 2 potions of brilliance {unknown}
 M - 2 potions of mutation {unknown}
 R - a potion of invisibility {unknown}
 S - a potion of magic {unknown}
 U - 2 potions of resistance {unknown}
Miscellaneous
 N - a phantom mirror


   Skills:
 + Level 10.2 Fighting
 + Level 3.7(10.8) Axes
 + Level 15.6(15.8) Maces & Flails
 + Level 1.3 Throwing
 + Level 13.5 Armour
 + Level 1.8 Dodging
 + Level 1.1 Stealth
 + Level 4.0 Shields


You had 10 spell levels left.
You didn't know any spells.
Your spell library contained the following spells:

 Spells                   Type           Power      Damage    Failure   Level
 Foxfire                  Conj/Fire      0%         2x1d4     96%         1
 Shock                    Conj/Air       0%         1d3       96%         1
 Ensorcelled Hibernation  Hex/Ice        0%         N/A       99%         2
 Lesser Beckoning         Tloc           0%         N/A       99%         2
 Dazzling Flash           Conj/Hex       0%         N/A       100%        3
 Gell's Gravitas          Tloc           0%         N/A       100%        3
 Mephitic Cloud           Conj/Pois/Air  0%         N/A       100%        3
 Spider Form              Tmut/Pois      0%         N/A       100%        3
 Swiftness                Air            0%         N/A       100%        3
 Teleport Other           Tloc           0%         N/A       100%        3
 Tukima's Dance           Hex            0%         N/A       100%        3
 Airstrike                Air            0%         2d(0-16)  100%        4
 Anguish                  Hex/Necr       0%         N/A       100%        4
 Passage of Golubria      Tloc           0%         N/A       100%        4
 Agony                    Necr           0%         N/A       100%        5
 Freezing Cloud           Conj/Ice/Air   0%         6-21      100%        5
 Silence                  Hex/Air        0%         N/A       100%        5
 Yara's Violent Unravell  Hex/Tmut       0%         3d3       100%        5
 Simulacrum               Ice/Necr       0%         N/A       100%        6
 Polar Vortex             Ice            0%         N/A       100%        9


Dungeon Overview and Level Annotations

Branches:
Dungeon (12/15)            Temple (0/1) D:5            Lair (0/5) D:8
    Orc (0/2) D:10

Altars:
Ashenzari
Gozag
Hepliaklqana
Sif Muna
Trog
Uskayaw
Vehumet
Yredelemnul

Shops:
D:2 (   D:5 ?::   D:6 ?:?   D:7 :   D:8 *

Annotations:
D:12 Lodul


Innate Abilities, Weirdness & Mutations

You have a pair of horns on your head.
You reflexively headbutt those who attack you in melee.


Message History

[Y]es or [N]o only, please.
The barbs in your skin will harm you if you move.
Continue?
The barbed spikes dig painfully into your body as you move.
The boulder beetle hits you!!!
* * * LOW HITPOINT WARNING * * *
The boulder beetle stops rolling and uncurls.
The ogre falls through a shaft!
The shaft crumbles and collapses.
You feel better. The boulder beetle bites you.
* * * LOW HITPOINT WARNING * * *
The manticore flicks its tail.
The volley of spikes misses you.
As you read the scroll of teleportation, it crumbles to dust.
You feel strangely unstable.
The boulder beetle's inner flame fades away.
The boulder beetle bites you but does no damage.
The manticore flicks its tail.
The volley of spikes hits you.
The barbed spikes become lodged in your body.
* * * LOW HITPOINT WARNING * * *
You feel better.
The boulder beetle bites you but does no damage.
You feel better. The boulder beetle bites you!
* * * LOW HITPOINT WARNING * * *
The manticore is engulfed in blazing flames.
Saving game... please wait.
You hear a distant snort.
Hark!
There is a gateway to a gauntlet on this level.
Find the entrance quickly before the gate is sealed!
Welcome back, sircluck the Minotaur Fighter.
Press ? for a list of commands and other information.
You bludgeon the boulder beetle!! You burn the boulder beetle!
You kill the boulder beetle!
Lodul the Thundrous comes into view.
He is wielding a +0 dire flail.
The manticore is engulfed in blazing flames.
The manticore bites you but does no damage.
The manticore claws you but does no damage. x2
You closely miss the manticore. Your headbutt misses the manticore.
The manticore is heavily wounded.
The manticore is engulfed in blazing flames.
The manticore bites you!
You die...

#..............
...
#..............
...
#....<.....####
....
#...##.........
.....
##.####.###...##
...#.####..# #.<#
..#
.....§....###...#
#
.....§H.#.....#.#
......§@......#..
......†..........
................##
..?......####...#
#...##...# ...#
..#O #.... !# .##
..... ###...


You could see Lodul and a manticore.

Vanquished Creatures
  A boulder beetle (D:12)
  2 two-headed ogres
  An ugly thing (D:12)
  A gargoyle (D:10)
  Psyche (D:9)
  A komodo dragon (D:10)
  4 trolls
  Grinder (D:6)
  2 hornets (D:10)
  A centaur simulacrum (D:9)
  A wraith (D:11)
  32 yaks
  3 wyverns
  A ynoxinul (D:10)
  Grum (D:5)
  2 steam dragons
  Menkaure (D:7)
  2 water moccasins
  A sky beast (D:7)
  An orc warrior (D:8)
  2 ice beasts (D:7)
  4 black bears
  3 ogres
  4 centaurs
  3 kobold brigands
  2 bullfrogs
  A necrophage (D:6)
  3 gnoll sergeants
  6 scorpions
  4 wights
  5 howler monkeys
  An electric eel (D:6)
  7 crimson imps (D:8)
  11 hounds
  4 gnoll boudas
  A jelly (D:6)
  4 orc priests
  3 iguanas
  5 orc wizards
  33 gnolls
  6 adders
  A shadow imp (D:8)
  A white imp (D:8)
  An ufetubus (D:4)
  2 worms (D:4)
  3 dart slugs
  17 orcs
  4 endoplasms
  4 giant cockroaches
  3 goblins
  2 hobgoblins
  17 jackals
  30 kobolds
  5 quokkas
  6 ball pythons
  3 bats
  5 frilled lizards
  3 rats (D:2)
279 creatures vanquished.

Vanquished Creatures (others)
  3 demonic plants (D:1)
  12 fungi
  12 plants
  3 withered plants (D:1)
30 creatures vanquished.

Grand Total: 309 creatures vanquished

Notes
Turn   | Place    | Note
-------+----------+-------------------------------------------
     0 | D:1      | sircluck the Minotaur Fighter began the quest for the Orb.
     0 | D:1      | Reached XP level 1. HP: 19/19 MP: 0/0
   212 | D:1      | Reached XP level 2. HP: 27/27 MP: 1/1
   271 | D:1      | Found a faded altar of an unknown god.
   579 | D:2      | Found Wuman's Weapon Shoppe.
   663 | D:2      | Reached XP level 3. HP: 33/33 MP: 2/2
   816 | D:2      | Found the +7 great mace "Firestarter" {flame, inner flame,
                  | rFlCloud rF++}
  1458 | D:3      | Identified the +4 glaive "Killer Bee's Doom" {heavy, rN+
                  | Str+3 Stlth+}
  1565 | D:3      | Reached XP level 4. HP: 40/40 MP: 3/3
  1572 | D:3      | Reached skill level 1 in Maces & Flails
  2065 | D:4      | Reached skill level 2 in Maces & Flails
  2103 | D:4      | Reached XP level 5. HP: 19/47 MP: 4/4
  2344 | D:4      | Reached skill level 3 in Maces & Flails
  2515 | D:4      | Found a hazy altar of Hepliaklqana.
  2635 | D:4      | Reached skill level 4 in Maces & Flails
  2754 | D:4      | Reached XP level 6. HP: 45/53 MP: 5/5
  2882 | D:4      | Reached skill level 5 in Armour
  3034 | D:4      | You fall into a shaft and drop 1 floor!
  3034 | D:5      | Entered Level 5 of the Dungeon
  3112 | D:5      | Found Noxzis's Magic Scroll Boutique.
  3115 | D:5      | Reached skill level 5 in Fighting
  3115 | D:5      | Reached skill level 5 in Maces & Flails
  3208 | D:5      | Bought a scroll of enchant weapon for 105 gold pieces
  3233 | D:5      | Reached XP level 7. HP: 61/61 MP: 6/6
  3238 | D:5      | Found Uloiless's Book Shoppe.
  3244 | D:5      | Reached skill level 6 in Maces & Flails
  3313 | D:5      | Found Zareas's Book Boutique.
  3398 | D:5      | Identified the +8 chain mail "Lask" {Stlth+}
  3502 | D:5      | Reached skill level 7 in Maces & Flails
  3520 | D:5      | HP: 2/61 [gnoll/+0 halberd (7)]
  3527 | D:5      | HP: 3/61 [gnoll sergeant/+0 spear (2)]
  3545 | D:5      | Identified a scroll of acquirement
  3545 | D:5      | Acquired 701 gold pieces
  3830 | D:5      | Reached XP level 8. HP: 67/70 MP: 7/7
  3884 | D:5      | Found a staircase to the Ecumenical Temple.
  4137 | D:5      | Reached skill level 8 in Maces & Flails
  4208 | D:5      | Noticed Grum
  4210 | D:5      | Killed Grum
  4453 | D:6      | Reached skill level 9 in Maces & Flails
  4462 | D:6      | Noticed Grinder
  4468 | D:6      | Found Basifoagh's Magic Scroll Shop.
  4491 | D:6      | Killed Grinder
  4749 | D:6      | Reached XP level 9. HP: 77/78 MP: 8/8
  4791 | D:6      | You fall into a shaft and drop 3 floors!
  4810 | D:9      | Reached skill level 10 in Maces & Flails
  5152 | D:9      | Reached skill level 11 in Maces & Flails
  5687 | D:9      | Reached skill level 10 in Armour
  6086 | D:8      | Reached XP level 10. HP: 67/88 MP: 9/9
  6091 | D:8      | Reached skill level 12 in Maces & Flails
  6091 | D:8      | Found Pibik Ynai's General Store.
  7110 | D:9      | Noticed a two-headed ogre
  7122 | D:9      | Killed a two-headed ogre
  7370 | D:9      | Noticed Psyche
  7375 | D:9      | Killed Psyche
  7731 | D:8      | Reached skill level 13 in Maces & Flails
  7936 | D:8      | Found a hide-covered altar of Uskayaw.
  7936 | D:8      | Noticed a +0 dagger
  7936 | D:8      | Noticed a +0 hand axe
  8326 | D:8      | Found a staircase to the Lair.
  8330 | D:8      | Reached skill level 1 in Stealth
  8460 | D:7      | Reached skill level 1 in Dodging
  8935 | D:7      | Found Geuprant's Vocational Training.
  9045 | D:7      | Noticed Menkaure
  9051 | D:7      | Killed Menkaure
  9426 | D:6      | Found Iqiel's Book Boutique.
  9427 | D:6      | Found Duimo's Magic Scroll Emporium.
  9518 | D:6      | Bought a scroll of acquirement for 728 gold pieces
  9518 | D:6      | Bought a scroll of enchant armour for 105 gold pieces
  9518 | D:6      | Acquired 841 gold pieces
  9663 | D:6      | Reached XP level 11. HP: 95/95 MP: 10/10
  9843 | D:7      | You fall into a shaft and drop 1 floor!
  9917 | D:10     | Entered Level 10 of the Dungeon
 10022 | D:10     | Found a radiant altar of Vehumet.
 10079 | D:10     | Found an opulent altar of Gozag.
 10090 | D:10     | Reached skill level 14 in Maces & Flails
 10814 | D:10     | Found a bloodstained altar of Trog.
 10887 | D:10     | Found a shimmering blue altar of Sif Muna.
 11017 | D:10     | Got Sif Muna's Parchment of the Shot
 11153 | D:10     | Found a broken altar of Ashenzari.
 11153 | D:10     | Found a staircase to the Orcish Mines.
 11256 | D:11     | Found a basalt altar of Yredelemnul.
 11422 | D:11     | Reached skill level 15 in Maces & Flails
 11485 | D:11     | Noticed a two-headed ogre
 11493 | D:11     | Killed a two-headed ogre
 11494 | D:11     | Reached skill level 10 in Fighting
 11496 | D:11     | Reached skill level 1 in Throwing
 11529 | D:11     | Identified the +3 robe of Pescheow {-Cast Str+4 Slay+2}
 11992 | D:12     | Noticed a boulder beetle
 11994 | D:12     | Noticed a red ugly thing
 12001 | D:12     | Killed a red ugly thing
 12004 | D:12     | HP: 4/99 [manticore/volley of spikes (3)]
 12007 | D:12     | Killed a boulder beetle
 12007 | D:12     | Noticed Lodul
 12008 | D:12     | Mangled by a manticore

Illustrated notes

Levels and vault maps discovered:
D:1:      denvon_arrival_planthouse, layout_rooms, shapermc_ecumenical_altar_gd,
          chequers_serial_rivers_small_3, minmay_tetromino_t4
D:2:      layout_basic, serial_shops, nicolae_shop_bloodbath_and_beyond,
          minmay_joined_circles
D:3:      layout_loops_ring
D:4:      kennysheep_six_static_rooms, layout_basic, nzn_hepliaklqana_mist_gate,
          serial_aquarium, aquarium_bridge_square [aquarium_subvault_bridge,
          aquarium_subvault_bridge, aquarium_subvault_wall,
          aquarium_subvault_bridge], aquarium_window_fake, aquarium_window_fake,
          aquarium_window_double, aquarium_view_2b, aquarium_view_2b,
          aquarium_balcony_1b
D:5:      layout_cave_pools, temple_statues, serial_gnoll_camp, grums_kennel,
          gnoll_camp_huts_basic, gnoll_camp_mini_shop, gnoll_camp_mini_shop,
          gnoll_camp_mini_hut, gnoll_camp_mini_shop, nicolae_sextant
D:6:      layout_basic, nicolae_wooded_promenade, uniq_grinder
D:7:      layout_rooms, dk_noncrumbling_3, kennysheep_minor_cross,
          nicolae_shop_vocational, uniq_menkaure
D:8:      layout_rooms, dancing_weapons_uskayaw, grunt_lair_entry_orc_guard_hut,
          serial_shops, shop_statue, serial_curves, eino_curves_04,
          eino_curves_03, minmay_nine_imps
D:9:      layout_cave_pods, uniq_psyche
D:10:     layout_basic, mainiacjoe_overflow_alcove_1,
          mainiacjoe_overflow_small_starburst, old_standard_altar,
          nzn_overflow_gifts_of_might_and_magic, orc_0_dummy
D:11:     layout_loops_cross, grunt_ministairs_8, yredelemnul_altar_generic
D:12:     layout_rooms, gauntlet_entry_generic, uniq_lodul

Skill      XL: |  1  2  3  4  5  6  7  8  9 10 11 |
---------------+----------------------------------+-----
Fighting       | 4 5 6 7 8 10 | 10.2
Armour         | 4 5 6 8 10 12 13 | 13.5
Shields        | 4 |  4.0
Axes           | 3 |  3.7
Maces & Flails | 2 4 5 7 9 11 13 15 | 15.6
Stealth        | 1 |  1.1
Dodging        | 1 |  1.8
Throwing       | 1 |  1.3

Action                     |  1- 3 |  4- 6 |  7- 9 | 10-12 || total
---------------------------+-------+-------+-------+-------++-------
  Melee: War axe           |    54 |       |       |       ||    54
         Headbutt          |    15 |    12 |    17 |    27 ||    71
         Great mace        |    41 |    78 |   103 |   191 ||   413
  Throw: Dart              |       |       |       |     2 ||     2
         Throwing net      |       |       |       |     2 ||     2
    Use: Scroll            |       |       |     7 |     6 ||    13
         Potion            |       |       |     2 |     3 ||     5
 Armour: Plate armour      |    86 |    65 |   126 |   148 ||   425
         Scale mail        |     1 |       |       |       ||     1
  Dodge: Dodged            |    39 |    31 |    81 |    98 ||   249
  Block: Buckler           |    13 |       |       |       ||    13

Table legend: (Time is in decaauts)
 A = Elapsed time spent in this place.
 B = Non-inter-level travel time spent in this place.
 C = Inter-level travel time spent in this place.
 D = Time resting spent in this place.
 E = Time spent auto-exploring this place.
 F = Levels seen in this place.
 G = Mean time per level.
                   A        B        C        D        E       F      G
               +--------+--------+--------+--------+--------+-----+--------+
         Total |  12142 |  11587 |    555 |   2192 |   7724 |  12 | 1011.8 |
       Dungeon |  12142 |  11587 |    555 |   2192 |   7724 |  12 | 1011.8 |
               +--------+--------+--------+--------+--------+-----+--------+

Top non-repeatable levels by time:
     D:9: 2822 daAuts
     D:5: 1415 daAuts
    D:10: 1338 daAuts
     D:4: 1006 daAuts
     D:7: 975 daAuts
     D:8: 934 daAuts
     D:2: 873 daAuts
     D:6: 791 daAuts
    D:11: 724 daAuts
     D:3: 658 daAuts
     D:1: 576 daAuts
    D:12: 25 daAuts
